 Dungeon Crawl Stone Soup version 0.18.1-50-g88ac8fd (webtiles) character file.

123 Nordron the Changer (level 5, -2/44 HPs)
             Began as a Naga Transmuter on Sept 30, 2016.
             Was a Follower of Cheibriados.
             Slain by Natasha (8 damage)
             ... on level 3 of the Dungeon.
             The game lasted 00:08:16 (2367 turns).

Nordron the Changer (Naga Transmuter)               Turns: 2367, Time: 00:08:17

Health: -2/44      AC:  2    Str: 18    XL:     5   Next: 7%
Magic:  7/8        EV: 10    Int: 16    God:    Cheibriados [*.....]
Gold:   65         SH:  0    Dex: 15    Spells: 2 memorised, 4 levels left

rFire  . . .     SeeInvis +     i - +0 spear
rCold  . . .     Gourm    .     b - +0 robe
rNeg   . . .     Faith    .     (no shield)
rPois  +         Spirit   .     (no helmet)
rElec  .         Dismiss  .     (no cloak)
rCorr  .         Reflect  .     (no gloves)
SustAt .         Harm     .     (no barding)
MR     .....                    (no amulet)
Stlth  +.........               (no ring)
                                m - +2 ring of strength

@: short of breath, appendage, very slow, not resistant to hostile enchantments,
very unstealthy
A: horns 2, see invisible, deformed body, poison resistance, slowness 2, slow
metabolism 1, spit poison 2, AC +1
a: Spit Poison, End Transformation, Bend Time, Renounce Religion


You were on level 3 of the Dungeon.
You worshipped Cheibriados.
Cheibriados was aware of your devotion.
You were not hungry.
You had grown temporary horns.
You visited 1 branch of the dungeon, and saw 3 of its levels.

You collected 65 gold pieces.

Inventory:

Hand Weapons
 e - a +0 whip
 i - a +0 spear (weapon)
Missiles
 a - 50 arrows
Armour
 b - a +0 robe (worn)
Jewellery
 m - a +2 ring of strength (left hand)
Scrolls
 g - 3 scrolls of identify {unknown}
 j - a scroll of recharging {unknown}
 k - a scroll of fog {unknown}
 n - a scroll of remove curse {unknown}
 r - 3 scrolls of teleportation {unknown}
 s - a scroll of fear {unknown}
Potions
 h - a potion of magic {unknown}
 l - a potion of lignification {unknown}
 p - a potion of berserk rage {unknown}
 q - a potion of curing {unknown}
Books
 c - a book of Changes

   Spells                             Type                      Level
   a - Beastly Appendage              Transmutation                1
   b - Sticks to Snakes               Transmutation                2
   c - Spider Form                    Transmutation/Poison         3
   d - Ice Form                       Ice/Transmutation            4
   e - Blade Hands                    Transmutation                5
Comestibles
 d - 2 bread rations
 f - 2 beef jerkies
 o - a meat ration
 t - 2 chunks of flesh


   Skills:
 - Level 1.0 Fighting
 - Level 1.5 Dodging
 - Level 3.0 Unarmed Combat
 - Level 2.0 Spellcasting
 * Level 5.1 Transmutations


You had 4 spell levels left.
You knew the following spells:

 Your Spells              Type           Power        Failure   Level  Hunger
a - Beastly Appendage     Trmt           ###...       2%          1    #......
b - Spider Form           Trmt/Pois      #.........   21%         3    ###....


Dungeon Overview and Level Annotations

Branches:
Dungeon (3/15)

Altars:
Cheibriados
Elyvilon
Qazlal
Yredelemnul

Annotations:
D:3 Natasha


Innate Abilities, Weirdness & Mutations

You cannot wear boots.
Your serpentine skin is tough (AC +1).
You have supernaturally acute eyesight.
Armour fits poorly on your strangely shaped body.
Your system is resistant to poisons.
You cover ground very slowly.
You have a slow metabolism.
You can spit poison.
You have a pair of horns on your head.


Message History

Your horns disappear.
Press: ? - help, Shift-Dir - straight line, f - Natasha
Aim: Natasha (hasn't noticed you)
The splash of poison hits Natasha.
Natasha is poisoned.
Natasha is heavily wounded.
Natasha hisses angrily.
You feel slightly more hungry.
Casting: Beastly Appendage
Confirm with . or Enter, or press ? or * to list all spells.
You grow a pair of large bovine horns.
Natasha stares at you and mumbles some strange words.
You resist with some effort. Natasha claws you!
* * * LOW HITPOINT WARNING * * *
Natasha claws you.
* * * LOW HITPOINT WARNING * * *
You hit Natasha but do no damage. Your headbutt misses Natasha.
Natasha is severely wounded.
Natasha looks more healthy.
Natasha claws you!
You die...

#. # #.# # ..... #.#
###### # ......
#.########## #....# #
...... #..........#
#....# # ......
#..........# #....# #
.....##..........# #....#
#
.................###....#
#
####......@h......'....#
# #............###....# #
+...................# #
#...................# #
#...................# #
#...............##### #
#.............))########
#...#########...........
##### #....#######


You could see Natasha.

Vanquished Creatures
  Natasha (twice) (D:3)
  An adder (D:2)
  An ooze (D:2)
  A worm (D:2)
  3 dart slugs
  2 giant geckos (D:3)
  2 ball pythons
  3 giant cockroaches
  2 goblins
  10 hobgoblins
  A quokka (D:3)
  8 bats
  3 giant newts
  6 kobolds
  5 rats
50 creatures vanquished.

Notes
Turn   | Place    | Note
--------------------------------------------------------------
     0 | D:1      | Nordron the Naga Transmuter began the quest for the Orb.
     0 | D:1      | Reached XP level 1. HP: 18/18 MP: 3/3
   354 | D:1      | Reached XP level 2. HP: 19/25 MP: 3/5
   487 | D:1      | Reached skill level 3 in Transmutations
   970 | D:2      | Reached XP level 3. HP: 19/31 MP: 4/6
  1011 | D:2      | Found a snail-covered altar of Cheibriados.
  1026 | D:2      | Became a worshipper of Cheibriados the Contemplative
  1370 | D:2      | Found a stormy altar of Qazlal.
  1464 | D:2      | Reached skill level 4 in Transmutations
  1513 | D:2      | Found a white marble altar of Elyvilon.
  1547 | D:2      | Reached * piety under Cheibriados
  1677 | D:2      | Found a snail-covered altar of Cheibriados.
  1681 | D:2      | Reached XP level 4. HP: 37/38 MP: 5/7
  1769 | D:2      | Found a basalt altar of Yredelemnul.
  1842 | D:3      | Learned a level 3 spell: Spider Form
  2259 | D:3      | Noticed Natasha
  2265 | D:3      | Killed Natasha
  2335 | D:3      | Noticed Natasha
  2340 | D:3      | Killed Natasha
  2340 | D:3      | Reached skill level 5 in Transmutations
  2340 | D:3      | Reached XP level 5. HP: 11/44 MP: 5/8
  2363 | D:3      | Noticed Natasha
  2367 | D:3      | Slain by Natasha

Skill      XL: |  1  2  3  4 |
---------------+-------------+-----
Transmutations | 3 4 5 |  5.1
Fighting       | |  1.0
Dodging        | |  1.5
Unarmed Combat | |  3.0
Spellcasting   | |  2.0

Action                   |  1- 3 |  4- 6 || total
-------------------------+-------+-------++-------
Melee: Whip              |    16 |       ||    16
       Spear             |   104 |    49 ||   153
       Headbutt          |    11 |     5 ||    16
 Cast: Beastly Appendage |    21 |    10 ||    31
 Abil: Spit Poison       |     4 |     4 ||     8
 Stab: Sleeping          |     1 |       ||     1
  Eat: Chunk             |     2 |     2 ||     4
Armor: Robe              |    30 |     3 ||    33
Dodge: Dodged            |    76 |    26 ||   102
